Map: Blueshift LE

Players

Toperoco

  • Race: Terran Terran
  • League: Master
  • Spawn Location: 7:00

A.I. 1 (Easy) - Winner!

  • Race: Zerg Zerg
  • Spawn Location: 1:00

VOD

Have the link to the VOD?

Description

Time

  • Played on: Jan. 4, 2019, 8:09 a.m.
  • Length: 7:55
Show
View Real Time Build Order
Export as new Build Order

Toperoco Terran 

Build Orders: Gas First Reaper Expand, Hellion Opening 

Get SALT Encoding   

  12  0:01  SCV  
  13  0:13  SCV  
  14  0:17  Supply Depot  
  14  0:25  SCV  
  15  0:30  Refinery  
  15  0:38  SCV  
  16  0:44  Barracks  
  16  0:51  SCV  
  17  1:03  SCV  
  18  1:15  SCV  
  19  1:31  Orbital Command, Reaper  
  20  1:42  Command Center  
  20  1:53  Factory  
  20  1:56  SCV  
  21  2:07  Barracks Reactor  
  21  2:08  SCV  
  21  2:15  Refinery  
  22  2:16  Supply Depot  
  22  2:21  SCV  
  23  2:37  SCV  
  24  2:49  SCV, Hellion x2  
  29  2:52  Starport  
  29  2:56  Orbital Command  
  29  3:01  SCV  
  30  3:10  Marine  
  30  3:11  Hellion x2  
  35  3:15  SCV  
  35  3:19  Supply Depot  
  37  3:30  Medivac  
  37  3:32  Hellion  
  37  3:33  Hellion  
  42  3:34  Marine  
  42  3:40  Armory  
  43  3:43  SCV  
  43  3:44  SCV  
  45  3:54  Marine  
  45  3:55  SCV  
  47  3:57  SCV  
  47  3:58  Hellion  
  47  4:01  Hellion  
  52  4:10  SCV  
  52  4:11  Supply Depot  
  52  4:13  SCV  
  54  4:22  Liberator  
  54  4:26  Command Center  
  54  4:33  SCV x2  
  54  4:36  Supply Depot  
  56  4:41  Barracks Tech Lab  
  59  4:47  SCV  
  59  4:48  SCV  
  59  4:49  Barracks  
  59  4:52  Factory Reactor  
  61  4:56  Supply Depot  
  62  5:00  SCV x2  
  62  5:03  Stimpack  
  62  5:05  Barracks  
  63  5:12  SCV  
  64  5:14  Engineering Bay x2  
  64  5:16  SCV  
  65  5:23  Starport Reactor  
  65  5:24  SCV  
  66  5:29  Marine, SCV  
  66  5:32  Supply Depot  
  68  5:36  SCV  
  68  5:38  Marine x2, Factory Tech Lab  
  68  5:39  Refinery x2  
  68  5:42  Orbital Command  
  71  5:47  Marine  
  71  5:48  Terran Infantry Weapons Level 1, Terran Infantry Armor Level 1  
  72  5:55  SCV  
  73  6:00  Medivac x2  
  73  6:01  Marine  
  73  6:02  Marine  
  79  6:04  Marine x2  
  79  6:05  Marine  
  79  6:08  Orbital Command, Siege Tank  
  83  6:13  SCV x2  
  85  6:21  Supply Depot  
  86  6:25  SCV x2  
  86  6:30  Marine x4  
  86  6:32  Marine  
  92  6:37  SCV  
  93  6:40  Siege Tank  
  93  6:42  Barracks  
  93  6:44  Supply Depot  
  93  6:46  Barracks  
  96  6:47  SCV  
  96  6:51  Marine x3  
  100  7:01  Marine  
  101  7:10  SCV x2  
  101  7:11  Marine x4, SCV  
  101  7:12  Siege Tank, Medivac x2  
  115  7:22  SCV x2  
  116  7:28  Supply Depot  
  117  7:35  Supply Depot  
  117  7:36  Supply Depot  
  117  7:39  Barracks Reactor  
  117  7:40  SCV x2, Barracks Reactor  
  125  7:47  Refinery, Factory  
  125  7:48  Refinery  
Show
View Real Time Build Order
Export as new Build Order

A.I. 1 (Easy) Zerg - Winner!

Build Orders: Pool First 

Get SALT Encoding   

  12  0:00  Drone  
  13  0:12  Overlord  
  13  0:16  Drone  
  14  0:31  Drone  
  14  0:35  Drone  
  16  0:43  Spawning Pool  
  16  0:44  Extractor  
  16  0:46  Drone  
  15  0:51  Drone  
  16  0:58  Overlord  
  16  1:30  Zergling x2  
  16  1:31  Queen  
  16  1:32  Roach Warren  
  18  1:35  Drone  
  18  1:39  Extractor  
  18  1:41  Zergling x2  
  18  1:42  Drone  
  20  1:52  Zergling x2  
  21  2:04  Zergling x2  
  22  2:12  Overlord  
  22  2:23  Zergling x2  
  23  2:35  Zergling x2  
  24  2:38  Drone  
  24  2:42  Drone  
  26  2:46  Drone, Roach  
  29  2:56  Drone  
  30  3:07  Overlord  
  30  3:10  Drone, Roach  
  33  3:14  Drone  
  34  4:08  Zergling x2  
  34  6:04  Zergling x2  
  29  6:15  Zergling x2  
  26  6:27  Zergling x2  
  27  6:33  Drone, Overlord, Lair  
  28  6:44  Zergling x2  
  28  6:45  Drone  
  30  6:49  Drone  
  30  6:53  Drone  
  31  6:58  Drone  
  28  7:02  Zergling x2  
  29  7:08  Drone  
  29  7:20  Zergling x2  
  29  7:21  Hatchery  
  29  7:22  Drone  
  29  7:30  Overseer  
  29  7:31  Overseer  
  29  7:35  Zergling x2  
  29  7:50  Hatchery  
Tags
 
Add a new tag
Caveats
  • Supply blocks, unpowered buildings, or Contaminate may cause inaccurate times.
  • Supply counts are checked every 10 seconds.